 Dungeon Crawl Stone Soup version 0.30.0-19-g36f170ea60 (webtiles) character file.

Game seed: 6618040891561412807

22612 purpleHaze the Fighter (level 13, -8/86 (107) HPs)
             Began as a Human Gladiator on June 1, 2023.
             Was a Follower of Uskayaw.
             Mangled by a spectral yak (10 damage)
             ... on level 2 of the Lair of Beasts.
             The game lasted 00:29:14 (12593 turns).

purpleHaze the Fighter (Human Gladiator)           Turns: 12593, Time: 00:29:14

HP:   -8/86 (107)   AC:  7    Str: 15    XL:     13   Next: 28%
MP:   11/20         EV: 24    Int:  9    God:    Uskayaw [*.....]
Gold: 758           SH:  5    Dex: 19    Spells: 9/12 levels left

rFire   . . .        a - +6 rapier (venom)
rCold   . . .        (no shield)
rNeg    . . .        d - +0 troll leather armour
rPois   +            c - +0 helmet
rElec   .            j - +0 cloak
rCorr   .            r - +0 pair of gloves
SInv    .            (no boots)
Will    .....        q - amulet of reflection
Stlth   +            N - ring of poison resistance
HPRegen 1.14/turn    p - +5 ring of evasion
MPRegen 0.17/turn

%: reflection
@: heavily drained
A: no striking features
a: Renounce Religion, Stomp


You were on level 2 of the Lair of Beasts.
You worshipped Uskayaw.
Uskayaw was aware of your devotion.
You visited 3 branches of the dungeon, and saw 13 of its levels.
You also visited: Ossuary and Bailey.

You collected 758 gold pieces.

Inventory:

Hand Weapons
 a - a +6 rapier of venom (weapon)
 b - the +11 whip of Soimm {flame, rElec Str+2 Dex+2}
   (You found it on level 4 of the Dungeon)

   Str:       It affects your strength (+2).
   Dex:       It affects your dexterity (+2).
   rElec:     It insulates you from electricity.
Missiles
 e - a throwing net
 f - 120 stones
 m - 5 javelins
 z - 31 poisoned darts (quivered)
 P - 5 boomerangs
 Q - a curare-tipped dart
Armour
 c - a +0 helmet (worn)
 d - a +0 troll leather armour (worn)
 j - a +0 cloak (worn)
 r - a +0 pair of gloves (worn)
 v - a +0 leather armour
 D - a +1 robe of cold resistance
Jewellery
 h - a ring of willpower
 l - a ring of protection from cold
 p - a +5 ring of evasion (right hand)
 q - an amulet of reflection (around neck)
 s - an amulet of faith
 u - a +6 ring of strength
 y - a ring of protection from cold
 E - a +6 ring of intelligence
 N - a ring of poison resistance (left hand)
 R - a ring of willpower
Wands
 t - a wand of roots (9)
Scrolls
 g - a scroll of identify
 i - 5 scrolls of teleportation
 k - a scroll of vulnerability
 w - 7 scrolls of fear
 x - 3 scrolls of magic mapping
 B - 2 scrolls of amnesia
 C - 2 scrolls of brand weapon
 G - a scroll of acquirement {unknown}
 I - 2 scrolls of enchant armour {unknown}
 J - 4 scrolls of fog {unknown}
Potions
 n - 5 potions of curing
 o - 2 potions of magic
 F - 3 potions of flight
 H - 2 potions of resistance {unknown}
 K - a potion of mutation {unknown}
 L - a potion of degeneration {unknown}
 M - a potion of brilliance {unknown}
 O - a potion of ambrosia {unknown}


   Skills:
 + Level 11.8 Fighting
 - Level 9.0 Short Blades
 - Level 5.3 Maces & Flails
 + Level 6.3 Throwing
 + Level 11.0 Dodging
 + Level 9.9 Invocations


You had 9 spell levels left.
You knew the following spells:

 Your Spells              Type           Power      Damage    Failure   Level
a - Mephitic Cloud        Conj/Pois/Air  0%         N/A       83%         3

Your spell library contained the following spells:

 Spells                   Type           Power      Damage    Failure   Level
 Ensorcelled Hibernation  Hex/Ice        0%         N/A       58%         2
 Poisonous Vapours        Pois/Air       0%         N/A       58%         2
 Call Canine Familiar     Summ           0%         N/A       83%         3
 Inner Flame              Hex/Fire       0%         N/A       83%         3
 Portal Projectile        Hex/Tloc       0%         N/A       83%         3
 Spider Form              Tmut/Pois      0%         N/A       83%         3
 Summon Guardian Golem    Hex/Summ       0%         N/A       83%         3
 Anguish                  Hex/Necr       0%         N/A       99%         4
 Leda's Liquefaction      Hex/Erth       0%         N/A       99%         4
 Blade Hands              Tmut           0%         N/A       100%        5
 Freezing Cloud           Conj/Ice/Air   0%         6-21      100%        5
 Irradiate                Conj/Tmut      0%         3d11      100%        5
 Yara's Violent Unravell  Hex/Tmut       0%         3d3       100%        5
 Dragon Form              Tmut           0%         N/A       100%        7
 Enfeeble                 Hex            0%         N/A       100%        7
 Orb of Destruction       Conj           0%         9d5       100%        7
 Spellforged Servitor     Conj/Summ      0%         N/A       100%        7


Dungeon Overview and Level Annotations

Branches:
Dungeon (10/15)            Temple (1/1) D:5            Lair (2/5) D:10
  Swamp (0/4) Lair:2      Ossuary (visited)          Bailey (visited)
  Snake: Lair:2-3    Spider: Lair:2-3       Orc: D:9-12

Altars:
Ashenzari
Cheibriados
Dithmenos
Elyvilon
Fedhas
Gozag
Hepliaklqana
Kikubaaqudgha
Makhleb
Nemelex Xobeh
Okawaru
Qazlal
Ru
Sif Muna
Trog
Uskayaw
Vehumet
Wu Jian
Xom
Yredelemnul
Zin
The Shining One

Shops:
D:3 =*=

Annotations:
D:7 1 runed translucent door, Crazy Yiuf


Message History

You hit the ghost crab.
The ghost crab is severely damaged.
You are engulfed in spectral mist.
The spectral yak gores you!
You feel drained. The ghost crab bites you!
* * * LOW HITPOINT WARNING * * *
You feel drained. The ghost crab misses you.
You stomp with the beat, sending a shockwave through the revellers around you!
The spectral yak is moderately damaged.
The ghost crab is severely damaged.
You are engulfed in spectral mist.
* * * LOW HITPOINT WARNING * * *
The spectral yak gores you but does no damage.
The ghost crab bites you!
* * * LOW HITPOINT WARNING * * *
The ghost crab misses you.
Okay, then.
You feel better.
You are engulfed in spectral mist.
* * * LOW HITPOINT WARNING * * *
The spectral yak completely misses you. The ghost crab misses you.
The ghost crab barely misses you.
Okay, then.
Unknown command.
You stomp with the beat, sending a shockwave through the revellers around you!
The spectral yak is heavily damaged.
The ghost crab is almost destroyed.
You can no longer pass through a line of other dancers.
You are engulfed in spectral mist.
* * * LOW HITPOINT WARNING * * *
The spectral yak gores you but does no damage.
The ghost crab completely misses you. The ghost crab closely misses you.
You can now pass through a line of other dancers.
You stomp with the beat, sending a shockwave through the revellers around you!
The spectral yak is almost destroyed.
You destroy the ghost crab!
The spectral dream sheep fades away!
You can no longer pass through a line of other dancers.
You are engulfed in spectral mist.
* * * LOW HITPOINT WARNING * * *
The spectral yak gores you!
You die...

..#.........######...............
...........## ###...<.........
..........♣♣ ♣♣♣♣♣♣###........##+
.........♣♣♣♣~....♣♣♣######..##..
...[.......~..♣ ..~♣♣♣ ####.#.
.............♣♣ ..§§§♣ ##..#.
.†.........~.○♣♣♣Z.§§§♣ #...#.
..###.#........♣ZZ○§♣ ##..#. ..#
#####♣♣♣♣○.○@♣ #### ##.#. ..#
####♣♣♣♣♣.♣♣ ###..# ###..
..#####P#..## ♣♣♣###....# #.#..
............######......######...
........................#.8.##.##
............#.###..#...#.........
....#..#.#....###.##....8.>......
.....##.#........#.....#.........
....#####...............#.8.##...


You could see a spectral wolf, a spectral yak and a spectral boulder beetle.

Vanquished Creatures
  2 ghost crabs (Lair:2)
  3 catoblepae
  A boulder beetle (Lair:2)
  5 two-headed ogres
  A black mamba (Lair:2)
  5 cane toads
  Maggie (D:8)
  4 komodo dragons
  2 hornets (D:8)
  3 trolls
  Grinder (D:6)
  5 spriggans (Bailey)
  31 yaks
  A vampire (D:10)
  3 wyverns
  3 basilisks
  3 steam dragons
  2 acid dragons (D:9)
  A spectral cane toad (Lair:2)
  5 water moccasins
  Edmund (D:6)
  Duvessa (D:7)
  3 ice beasts
  6 orc warriors
  6 ogres
  3 centaurs
  A phantom (D:4)
  4 elf zombies (Ossuary)
  3 kobold brigands
  6 bullfrogs
  4 scorpions
  6 wights
  Dowan (D:7)
  11 killer bees
  3 howler monkeys
  A crimson imp (D:7)
  A human zombie (Ossuary)
  4 jellies
  5 hounds
  7 orc priests
  A gnoll bouda (D:3)
  3 iguanas
  A sleepcap (D:5)
  8 orc wizards
  2 mummies (Ossuary)
  5 gnolls
  7 adders
  A shadow imp (D:7)
  A worm (D:2)
  A dart slug (D:2)
  36 orcs
  8 bats
  11 endoplasms
  6 giant cockroaches
  7 goblins
  7 hobgoblins
  4 quokkas
  4 ball pythons
  4 frilled lizards
  2 goblin zombies (Ossuary)
  11 hobgoblin zombies (Ossuary)
  21 kobolds
  11 kobold zombies (Ossuary)
  6 orc zombies (Ossuary)
  11 rats
  A rat zombie (Ossuary)
339 creatures vanquished.

Vanquished Creatures (others)
  2 orc wizards
  A hobgoblin (D:3)
3 creatures vanquished.

Grand Total: 342 creatures vanquished

Notes
Turn   | Place    | Note
-------+----------+-------------------------------------------
     0 | D:1      | purpleHaze the Human Gladiator began the quest for the Orb.
     0 | D:1      | Reached XP level 1. HP: 16/16 MP: 1/1
    74 | D:1      | Reached XP level 2. HP: 23/23 MP: 2/2
   249 | D:1      | Reached XP level 3. HP: 14/28 MP: 3/3
  1139 | D:2      | Reached XP level 4. HP: 9/35 MP: 4/4
  1965 | D:3      | Found a glowing silver altar of Zin.
  2062 | D:3      | Found Igellam's Jewellery Shoppe.
  2256 | D:3      | Found a hazy altar of Hepliaklqana.
  2370 | D:3      | Found a glowing golden altar of the Shining One.
  2491 | D:3      | Found Osisoenaa's Jewellery Shoppe.
  2579 | D:3      | Found Lanoerph's General Store.
  2922 | D:3      | Reached XP level 5. HP: 10/30 MP: 5/5
  3088 | D:5      | Entered Level 5 of the Dungeon
  3088 | D:5      | Noticed a phantom
  3278 | D:4      | Found a broken altar of Ashenzari.
  3283 | D:4      | Reached XP level 6. HP: 40/40 MP: 6/6
  3341 | D:3      | Reached skill level 5 in Short Blades
  3660 | D:4      | Reached skill level 5 in Fighting
  3660 | D:4      | Reached XP level 7. HP: 48/56 MP: 7/7
  3821 | D:4      | Identified the +11 whip of Soimm {flame, rElec Str+2 Dex+2}
  3938 | D:4      | Reached skill level 1 in Maces & Flails
  4115 | D:4      | Found a sacrificial altar of Ru.
  4403 | D:5      | Reached XP level 8. HP: 64/64 MP: 8/8
  4598 | D:5      | Found a staircase to the Ecumenical Temple.
  4626 | Temple   | Entered the Ecumenical Temple
  4806 | D:5      | Found a basalt altar of Yredelemnul.
  4807 | D:5      | Found a hide-covered altar of Uskayaw.
  4808 | D:5      | Found a white marble altar of Elyvilon.
  4915 | D:5      | Became a worshipper of Uskayaw the Reveller
  5073 | D:6      | Noticed Edmund
  5085 | D:6      | Reached * piety under Uskayaw
  5091 | D:6      | Killed Edmund
  5091 | D:6      | Reached ** piety under Uskayaw
  5509 | D:6      | Noticed Grinder
  5514 | D:6      | Reached *** piety under Uskayaw
  5515 | D:6      | Killed Grinder
  5516 | D:6      | Reached skill level 5 in Dodging
  5563 | D:6      | Reached XP level 9. HP: 71/71 MP: 9/9
  5617 | D:6      | Found an opulent altar of Gozag.
  5810 | D:6      | Learned a level 3 spell: Mephitic Cloud
  6098 | D:7      | Found a burning altar of Makhleb.
  6163 | D:7      | Reached skill level 5 in Maces & Flails
  6168 | D:7      | Reached **** piety under Uskayaw
  6178 | D:7      | Noticed Dowan
  6179 | D:7      | Noticed Duvessa
  6183 | D:7      | Killed Dowan
  6221 | D:7      | Killed Duvessa
  6304 | D:7      | Found a sand-covered staircase.
  6316 | Ossuary  | Entered an ossuary
  6505 | Ossuary  | Reached skill level 1 in Invocations
  6533 | Ossuary  | Reached ***** piety under Uskayaw
  7020 | D:7      | Found a runed translucent door.
  7021 | D:7      | Noticed Crazy Yiuf
  7042 | D:7      | Noticed a troll
  7057 | D:7      | Killed a troll
  7297 | D:7      | Found a radiant altar of Vehumet.
  7453 | D:8      | Noticed Maggie
  7462 | D:8      | Killed Maggie
  7463 | D:8      | Reached XP level 10. HP: 50/80 MP: 10/12
  7787 | D:8      | Paralysed by a hornet for 2 turns
  7919 | D:8      | Found an iron altar of Okawaru.
  8181 | D:8      | Reached skill level 5 in Invocations
  8205 | D:8      | Found a blossoming altar of Fedhas.
  8344 | D:9      | Found a flagged portal.
  8354 | Bailey   | Entered a bailey
  8414 | Bailey   | Noticed a two-headed ogre
  8426 | Bailey   | Reached XP level 11. HP: 75/89 MP: 15/15
  8439 | Bailey   | Killed a two-headed ogre
  8688 | D:9      | Found a shimmering altar of Xom.
  8815 | D:9      | Reached skill level 10 in Fighting
  8934 | D:9      | Noticed a two-headed ogre
  8947 | D:9      | Killed a two-headed ogre
  9216 | D:9      | Noticed a two-headed ogre
  9233 | D:9      | Killed a two-headed ogre
  9676 | D:10     | Entered Level 10 of the Dungeon
  9702 | D:10     | Noticed a two-headed ogre
  9725 | D:10     | Killed a two-headed ogre
  9726 | D:10     | Reached XP level 12. HP: 67/98 MP: 13/17
  9955 | D:10     | Found a staircase to the Lair.
  9981 | D:10     | Reached skill level 10 in Dodging
  9982 | D:10     | Noticed a two-headed ogre
  9991 | D:10     | Reached ****** piety under Uskayaw
  9998 | D:10     | Killed a two-headed ogre
 10201 | Lair:1   | Entered Level 1 of the Lair of Beasts
 10216 | Lair:1   | Noticed a catoblepas
 10248 | Lair:1   | Killed a catoblepas
 10375 | D:10     | Found a bloodstained altar of Trog.
 10732 | Lair:1   | Identified the +8 sling of Indomitability {drain, rPois rC+
                  | Str-3 Int+3}
 10779 | Lair:1   | Noticed a catoblepas
 10804 | Lair:1   | Killed a catoblepas
 10826 | Lair:1   | Reached skill level 5 in Throwing
 11546 | Lair:2   | Noticed a catoblepas
 11567 | Lair:2   | Killed a catoblepas
 11568 | Lair:2   | Reached XP level 13. HP: 28/106 MP: 13/20
 12043 | Lair:2   | Noticed a ghost crab
 12049 | Lair:2   | Noticed a ghost crab
 12089 | Lair:2   | Killed a ghost crab
 12090 | Lair:2   | HP: 4/107 [something (8)]
 12393 | Lair:2   | Found an ornate altar of the Wu Jian Council.
 12393 | Lair:2   | Found a hide-covered altar of Uskayaw.
 12578 | Lair:2   | Found a staircase to the Swamp.
 12590 | Lair:2   | HP: 3/86 [ghost crab (10)]
 12593 | Lair:2   | Killed a ghost crab
 12593 | Lair:2   | HP: 1/86 [something (2)]
 12593 | Lair:2   | Mangled by a spectral yak

Illustrated notes

Levels and vault maps discovered:
D:1:      lightli_arrival_chessboard, layout_loops_ring, minmay_door_square
D:2:      layout_basic
D:3:      layout_loops_ring, mainiacjoe_overflow_24_doors,
          mainiacjoe_overflow_concentric_impassable, amcnicky_altar_gilded,
          serial_shops, nicolae_shop_gaudy_bauble, nicolae_shop_stone, shop,
          kennysheep_flooded_box
D:4:      layout_cave_pools, lemuel_tele_altar, ashenzari_conservatory_becter,
          serial_park, serial_park_square1 [serial_park_minivault_5x5_7],
          serial_park_square2, serial_park_tiny_1, serial_park_tiny_pond,
          serial_park_square3 [serial_park_minivault_5x5_5]
D:5:      layout_rooms, chequers_temple_overflow_statue_of_worship,
          minmay_temple_entry_trees, hangedman_decor_push
D:6:      layout_loops_corners, grunt_gozag_breadcrumbs, uniq_edmund,
          uniq_grinder
D:7:      layout_loops_ring, mainiacjoe_overflow_alcove_1,
          makhleb_grotto_becter, lightli_ossuary_entry_decrepit_ruins,
          uniq_crazy_yiuf_cottage, uniq_duvessa
D:8:      layout_rooms, okawaru_ov_weapons_minmay, fedhas_altar_fruit_tree,
          special_room [special_room_orc], uniq_maggie
D:9:      layout_grid_maze, mainiacjoe_overflow_boulevard, enter_bailey_2,
          serial_bayou_crossing
D:10:     layout_rooms, nicolae_overflow_hidden_temple, minmay_lair_entry_grove
Temple:   nicolae_temple_ecumenical_triangle
Lair:1:   layout_roguey, minivault_11, nicolae_quartered_pool_super
Lair:2:   layout_small_grid, nicolae_swamp_entry_spooky, serial_bayou_pond_b,
          minmay_holes, nzn_masters_of_martial_movement, grunt_megastairs_1

Skill      XL: |  1  2  3  4  5  6  7  8  9 10 11 12 13 |
---------------+----------------------------------------+-----
Fighting       | 3 4 5 6 8 9 10 11 | 11.8
Short Blades   | 4 5 6 7 9 |  9.0
Maces & Flails | 2 4 5 |  5.3
Dodging        | 5 6 8 9 10 11 | 11.0
Invocations    | 3 5 7 9 |  9.9
Throwing       | 5 6 |  6.3

Action                     |  1- 3 |  4- 6 |  7- 9 | 10-12 | 13-15 || total
---------------------------+-------+-------+-------+-------+-------++-------
  Melee: Rapier            |   142 |   110 |    48 |   545 |   121 ||   966
         Dagger            |       |   151 |    12 |       |       ||   163
         Punch             |       |     1 |     1 |     4 |     3 ||     9
         Whip              |       |       |   259 |       |       ||   259
  Throw: Throwing net      |       |     3 |       |       |       ||     3
         Javelin           |       |     1 |       |       |       ||     1
         Dart              |       |       |       |    23 |    11 ||    34
         Boomerang         |       |       |       |       |     2 ||     2
 Invoke: Stomp             |       |       |     1 |    18 |     6 ||    25
  Evoke: Wand              |       |       |     1 |       |       ||     1
    Use: Potion            |     2 |     4 |     4 |     2 |     2 ||    14
         Scroll            |       |     6 |     5 |     7 |     4 ||    22
   Stab: Sleeping          |     3 |     2 |     3 |       |       ||     8
         Paralysed         |       |       |     7 |    23 |     3 ||    33
         Petrifying        |       |       |       |     3 |       ||     3
 Armour: Leather armour    |    40 |    50 |    10 |       |       ||   100
         Skin              |     1 |     1 |     5 |       |       ||     7
         Robe              |       |       |    14 |       |       ||    14
         Troll leather arm |       |       |     5 |    48 |    13 ||    66
  Dodge: Dodged            |   111 |   194 |   159 |   510 |   123 ||  1097
  Block: Other             |       |    50 |    39 |   129 |    27 ||   245
         Reflection        |       |       |     2 |     7 |       ||     9
